woodfighter, chaotic female orcish Cavewoman ------------- -------------- |...........| |.....%......| ----- |...........| ##-...<........| |u$I| #.........*..| # --------|----- #@a.j| #|............############# # #----- #------------- # # ## ## ### ### # # # # # # ### ### # # # # # # # ### # ----------# # % # ----.....^...# # %# # |...........| ------------# ----------.--# |............ |...........# |...........|# |...........| |.....>....| |...........|# |........---- |...........### |...........|# ---------- ------------ |............# ------------- woodfighter the Cave Woman Experience level: 10 Strength: 18/08 Dexterity: 15 Constitution: 18 Intelligence: 7 Wisdom: 14 Charisma: 6 Health: 0(95) Energy: 51(51) Def: 12 Gold: 266 Moves: 12170 Dungeon seed: OSedGjbCXa8li5OK Game ID: woodfighter_1477039768 Your Inventory: Coins $ - 266 gold pieces Amulets v - an uncursed amulet of reflection (being worn) Weapons a - a corroded +0 dwarvish spear (weapon in hand) b - a +2 sling (alternate weapon; not wielded) Armor n - an uncursed +2 dwarvish cloak (being worn) r - an uncursed +0 dwarvish mithril-coat (being worn) A - an uncursed +0 pair of speed boots (being worn) R - an uncursed rusty +0 helmet (being worn) W - an uncursed +0 elven shield (being worn) Comestibles c - 6 uncursed food rations f - an uncursed tin of red mold k - an uncursed eucalyptus leaf p - an uncursed tripe ration u - an uncursed lichen corpse C - 3 uncursed mangos I - 2 uncursed tins of spinach S - an uncursed orange Z - an uncursed lizard corpse Wands D - a wand of sleep (0:3) H - a wand of fire (0:4) M - a wand of teleportation (0:3) Tools d - a +0 pick-axe o - an uncursed blindfold q - a +0 unicorn horn s - an uncursed bag of holding y - an uncursed skeleton key Y - a +0 unicorn horn Gems e - 8 uncursed flints (in quiver) z - an uncursed luckstone Contents of the bag of holding: 9872 gold pieces an uncursed [+0] mummy wrapping an uncursed lizard corpse a [uncursed] scroll of create monster a [uncursed] scroll of enchant armor a [blessed] scroll of enchant weapon a [uncursed] scroll of genocide 2 [cursed] scrolls of water a [uncursed] potion of booze a [cursed] potion of extra healing a [blessed] potion of extra healing a [uncursed] potion of full healing a [uncursed] potion of gain ability a [blessed] potion of object detection a [uncursed] potion of paralysis a [uncursed] potion of restore ability a [uncursed] [+1] ring of adornment a [cursed] ring of hunger a [uncursed] wand of digging [0:8] a [uncursed] wand of make invisible [0:6] a [uncursed] wand of probing [0:6] an uncursed [+0] unicorn horn Spells and supernatural/magical abilities: Name Level Category Fail Memory W - pray for help -- divine ? -- Your skills at the end: Miscellaneous Skills bare handed combat [Basic] shield [Skilled] stealth [Skilled] Weapon Skills scimitar [Basic] club [Basic] spear [Skilled] sling [Basic] Spellcasting Skills Final Attributes: You were piously aligned. You were cold resistant. You were poison resistant. Your writing hand was a little cramped from use. You saw invisible. You were telepathic. You had infravision. You were invisible to others. You were stealthy. You were very fast. You had reflection. You were lucky. You had extra luck. Bad luck did not time out for you. Good luck did not time out for you. You are dead. Vanquished creatures: 2 giant mimics a stalker a small mimic 6 large dogs a flaming sphere 3 shocking spheres 2 tengu a gelatinous cube 2 ochre jellies a crocodile a chameleon a leocrotta an ettin zombie a leather golem a succubus 3 giant beetles a lynx a panther 45 leprechauns a quivering blob 3 lizards a mumak 4 giant spiders a scorpion an iron piercer 2 horses 3 gnome kings 5 Green-elves 6 piranhas a jaguar 2 dwarf lords a water nymph 2 white unicorns a gray unicorn 3 dust vortices a plains centaur 2 gnome mummies 2 snakes 6 apes a rope golem a bugbear 4 quasits 4 wood nymphs 2 Mordor orcs 3 Uruk-hai a rock mole 2 rock piercers 3 ponies a fog cloud a shrieker 2 violet fungi 14 gnome lords 5 gnomish wizards 2 kobold mummies 3 red naga hatchlings 2 gray oozes 2 elf zombies 2 ghouls 2 straw golems a paper golem 10 giant ants 3 puppies a floating eye a kitten 15 dwarves a homunculus 4 iguanas a hill orc 4 rothes a rabid rat a centipede 2 jitterbugs a giant bat 8 monkeys an orc zombie 2 wererats a werejackal 4 killer bees 3 coyotes a gas spore 4 hobbits a gecko 3 hobgoblins 3 giant rats 2 cave spiders 2 yellow molds 2 green molds 7 red molds 53 gnomes 2 garter snakes 7 manes 11 jackals 2 foxes 2 kobolds 14 newts 7 goblins 15 sewer rats 10 grid bugs a bat 8 lichens 8 kobold zombies 410 creatures vanquished. Voluntary challenges: You did not cause conflict. You did not have reflection until turn 9357. You were not displaced. You used a wielded weapon 801 times, starting on turn 1. You did not use plumbed fixtures. You did not drink any magical draughts. You read items or engraved 3 times, starting on turn 4413. You never genocided any monsters. You never polymorphed an object. You changed form 1 time, starting on turn 4924. You completed Sokoban on turn 9288, according to the rules. You used no wishes. You never split a pudding. You never wrote Elbereth's name. You never violated your personal moral code. Dungeon overview: The Dungeons of Doom: levels 1 to 13 Level 1 (wl) a sink a long staircase Level 2 (l) stairs to The Gnomish Mines Level 3 a delicatessen Level 4 a sink Level 5 many fountains Level 6 a fountain stairs to Sokoban Level 7 (w) some fountains Level 8 Level 9 (w) Level 10 (w) a fountain Level 11 a fountain Level 12 (quest) <- You were here a magic portal Level 13 The Gnomish Mines: levels 3 to 10 Level 3 (l) stairs to The Dungeons of Doom Level 4 Level 5 many shops, a temple to Anu, a magic chest, some fountains, a sink Level 6 Level 7 Level 8 Level 9 (white unicorn) Level 10 many altars to Moloch, a magic chest, some fountains Sokoban: levels 2 to 5 Level 2 a magic chest Level 3 Level 4 Level 5 an altar to Anshar, a magic chest stairs to The Dungeons of Doom History has recorded: On T:1 you entered the Dungeons of Doom to retrieve the Amulet of Yendor! On T:164 you reached level 2 of The Dungeons of Doom. On T:537 you reached level 3 of The Dungeons of Doom. On T:654 you advanced to experience level 2. On T:757 you reached level 1 of The Gnomish Mines. On T:774 you reached level 2 of The Gnomish Mines. On T:824 you advanced to experience level 3. On T:829 you advanced to experience level 4. On T:966 you advanced to experience level 5. On T:1187 you reached level 3 of The Gnomish Mines. On T:1187 you entered the Minetown temple On T:1303 you advanced to experience level 6. On T:1378 you opened a magic chest. On T:2451 you advanced to experience level 7. On T:2607 you reached level 4 of The Gnomish Mines. On T:2799 you reached level 5 of The Gnomish Mines. On T:3563 you reached level 6 of The Gnomish Mines. On T:3913 you advanced to experience level 8. On T:4079 you reached level 7 of The Gnomish Mines. On T:5852 you reached level 8 of The Gnomish Mines. On T:5852 you reached the bottom of the Mines. On T:5968 you advanced to experience level 9. On T:6816 you reached level 4 of The Dungeons of Doom. On T:7104 you reached level 5 of The Dungeons of Doom. On T:7538 you reached level 6 of The Dungeons of Doom. On T:7578 you reached level 7 of The Dungeons of Doom. On T:7636 you reached level 8 of The Dungeons of Doom. On T:7858 you reached level 4 of Sokoban. On T:8038 you reached level 3 of Sokoban. On T:8334 you reached level 2 of Sokoban. On T:8623 you reached level 1 of Sokoban. On T:9288 you advanced to experience level 10. On T:9288 you entered the Sokoban zoo. On T:10101 you reached level 9 of The Dungeons of Doom. On T:11147 you reached level 10 of The Dungeons of Doom. On T:11161 you reached level 11 of The Dungeons of Doom. On T:11316 you prayed to Anshar. On T:11955 you reached level 12 of The Dungeons of Doom. On T:12065 you reached level 13 of The Dungeons of Doom. Score breakdown: Gold: 10138 ( 1013 points) Experience: 10 levels ( 900 points) Exploration: 13 levels ( 360 points) Discoveries: 43 items ( 2000 points) Variety of kills: 101 monsters ( 2000 points) Major goal: Sokoban/Mines ( 1500 points) Survival: died (score multiplied by 3) Total score: 23319 Latest messages: The giant ant bites! You jab the giant ant! You kill the giant ant! This red mold corpse tastes terrible! You finish eating the red mold corpse. You see here a giant ant corpse. Welcome to David's treasure zoo! A giant ant blocks your way. You jab the giant ant! The giant ant bites! The giant ant misses. You kill the giant ant! You see here a giant ant corpse. $ - 13 gold pieces. Something misses. The gray unicorn butts! The gray unicorn kicks! You see here a giant ant corpse. The gray unicorn butts! The gray unicorn kicks! The giant ant bites! The gray unicorn butts! The gray unicorn misses. The gray unicorn butts! You die... Final status: Goodbye woodfighter the Cavewoman, killed by a gray unicorn... You died in The Dungeons of Doom on dungeon level 12 with 23319 points, and 10138 pieces of gold, after 12170 moves. You were level 10 with a maximum of 95 hit points when you died.